Match 47399799
Unlisted

Match 47399799
End
Engineer Squad
Construct Weapon Support Center
Selects Armored Battlegroup
Selects Assault Engineers
M1919 Machine Gun Team
Assault Engineer Squad
Bazooka Squad
Air Support Center
Bazooka Squad
M3 Armored Personnel Carrier
P-47 Strafing Run
Construct Medical Station
M3 Armored Personnel Carrier
Improved M9 Bazooka Rockets
Grasshopper Recon Run
P-47 Strafing Run
Improved Aircraft Armor
Assault Engineer Squad
Selects Strength in Steel
P-47 Dive Bomb
M1919 Machine Gun Team
Grasshopper Recon Run
P-47 Strafing Run
Construct Tank Depot
M1919 Machine Gun Team
P-47 Dive Bomb
P-47 Strafing Run
Selects Seek and Destroy
Selects UNKNOWN (2160077)
Grasshopper Recon Run
M4A3E8 Sherman Easy Eight
P-47 Strafing Run
P-47 Dive Bomb
Grasshopper Recon Run
M1919 Machine Gun Team
Bazooka Squad
P-47 Strafing Run
M4A3E8 Sherman Easy Eight
P-47 Dive Bomb
Selects Field Repairs
Selects War Machine
Grasshopper Recon Run
P-47 Strafing Run
M4A3E8 Sherman Easy Eight
P-47 Dive Bomb
P-47 Strafing Run
P-47 Dive Bomb
P-47 Strafing Run
Bazooka Squad
Bazooka Squad
Grasshopper Recon Run
M4A3E8 Sherman Easy Eight
P-47 Dive Bomb
P-47 Strafing Run
Grasshopper Recon Run
P-47 Dive Bomb
P-47 Strafing Run
M18 Hellcat Tank Destroyer
Grasshopper Recon Run
Henk
water
Boat Goes Binted
It's Takotime
Bish Bash Bosh
gicobiwolfe
Blanco
MoriMusic
0
0

Comments sign in to comment!

No comments posted yet!